 Dungeon Crawl Stone Soup version 0.22-a0-113-gdd6f4a9394 (webtiles) character file.

28 Ordine the Magician (level 2, -6/15 HPs)
             Began as a Deep Elf Wizard on Jan 28, 2018.
             Killed by nerve-wracking pain
             ... invoked by Jessica
              (13 damage)
             ... on level 2 of the Dungeon.
             The game lasted 00:03:01 (671 turns).

Ordine the Magician (Deep Elf Wizard)                Turns: 671, Time: 00:03:01

Health: -6/15      AC:  3    Str:  4    XL:     2   Next: 96%
Magic:  1/9        EV: 13    Int: 22    God:
Gold:   73         SH:  0    Dex: 13    Spells: 7/10 levels left

rFire    . . .     SeeInvis .   f - +1 dagger
rCold    . . .     Gourm    .   (no shield)
rNeg     . . .     Faith    .   a - +0 robe
rPois    .         Spirit   .   b - +0 hat
rElec    .         Reflect  .   l - +0 cloak
rCorr    .         Harm     .   (no gloves)
MR       .....                  (no boots)
Stlth    ++........             (no amulet)
HPRegen  0.05/turn              (no ring)
MPRegen  0.11/turn              (no ring)

@: very slightly contaminated
A: no striking features
a: no special abilities


You were on level 2 of the Dungeon.
You were not hungry.

You visited 1 branch of the dungeon, and saw 2 of its levels.

You collected 73 gold pieces.

Inventory:

Hand Weapons
 f - a +1 dagger (weapon)
Armour
 a - a +0 robe (worn)
 b - a +0 hat (worn)
 l - a +0 cloak (worn)
Scrolls
 e - a scroll of immolation {unknown}
 j - a scroll of enchant weapon
 m - 2 scrolls of teleportation
Potions
 h - 2 potions of magic
 i - 2 potions of heal wounds {unknown}
Books
 c - a book of Minor Magic

   Spells                             Type                      Level
   a - Magic Dart                     Conjuration                  1
   b - Blink                          Translocation                2
   c - Call Imp                       Summoning                    2
   d - Slow                           Hexes                        2
   e - Conjure Flame                  Conjuration/Fire             3
   f - Mephitic Cloud                 Conjuration/Poison/Air       3
Comestibles
 d - 2 rations


   Skills:
 - Level 3.0 Dodging
 - Level 3.0 Stealth
 + Level 4.7 Spellcasting
 + Level 1.7 Conjurations
   Level 1.1 Summonings
 * Level 1.4 Translocations


You had 7 spell levels left.
You knew the following spells:

 Your Spells              Type           Power        Failure   Level  Hunger
a - Magic Dart            Conj           ##..         4%          1    None
b - Blink                 Tloc           N/A          9%          2    None


Dungeon Overview and Level Annotations

Branches:
Dungeon (2/15)

Altars:

Annotations:
D:2 Jessica


Message History

Casting: Magic Dart (safe; 4% risk of failure)
Confirm with . or Enter, or press ? or * to list all spells.
Aiming: Magic Dart (safe; 4% risk of failure)
Press: ? - help, Shift-Dir - straight line, f/p - Jessica
Aim: Jessica, wielding a dagger and wearing a robe (heavily wounded, fast)
The magic dart hits Jessica.
Jessica is severely wounded.
Jessica points at you and mumbles some strange words.
You resist with some effort.
Casting: Magic Dart (safe; 4% risk of failure)
Confirm with . or Enter, or press ? or * to list all spells.
Aiming: Magic Dart (safe; 4% risk of failure)
Press: ? - help, Shift-Dir - straight line, f/p - Jessica
Aim: Jessica, wielding a dagger and wearing a robe (heavily wounded, fast)
The magic dart hits Jessica.
Jessica is severely wounded.
Jessica gestures at you while chanting. Pain shoots through your body!
Ouch! That really hurt!
You die...

##..........b........
.....................
####................$.
......................
....................>†.
............####)......
.....†......####.......
..........@............
..........@............
.........###.....###@..
.........# ..†..# ...
.......(.###.###.# ..
.....###.........#
..... #.###.##### ####
#.# .. #.# ## #.#######


You could see Jessica.

Vanquished Creatures
  A dart slug (D:1)
  A leopard gecko (D:1)
  3 bats (D:1)
  A giant cockroach (D:1)
  5 goblins (D:1)
  2 hobgoblins
  5 kobolds
  6 rats
24 creatures vanquished.

Notes
Turn   | Place    | Note
-------+----------+-------------------------------------------
     0 | D:1      | Ordine the Deep Elf Wizard began the quest for the Orb.
     0 | D:1      | Reached XP level 1. HP: 10/10 MP: 7/7
     2 | D:1      | Noticed a dwarf
     2 | D:1      | Noticed a minotaur
     4 | D:1      | Noticed a vampire
     4 | D:1      | Noticed a gargoyle
     6 | D:1      | Noticed a spriggan
     8 | D:1      | Noticed an elf
    10 | D:1      | Noticed an octopode
    10 | D:1      | Noticed a felid
    12 | D:1      | Noticed a formicid
    12 | D:1      | Noticed a merfolk
    14 | D:1      | Noticed a demigod
    14 | D:1      | Noticed a demonspawn
    17 | D:1      | Noticed a troll
    17 | D:1      | Noticed a halfling
    19 | D:1      | Noticed a centaur
    21 | D:1      | Noticed an ogre
    21 | D:1      | Noticed a naga
    23 | D:1      | Noticed a vine stalker
    23 | D:1      | Noticed a ghoul
    25 | D:1      | Noticed a human
    27 | D:1      | Noticed a tengu
    27 | D:1      | Noticed a draconian
   133 | D:1      | Reached XP level 2. HP: 11/15 MP: 0/9
   394 | D:1      | Learned a level 2 spell: Blink
   658 | D:2      | Noticed Jessica
   671 | D:2      | Killed from afar by Jessica

Vault maps used:
D:1:      kb_arrival_jail
D:2:      hex_tiny, uniq_robin, uniq_jessica

Skill      XL: |  1  2 |
---------------+-------+-----
Dodging        | 3 |  3.0
Stealth        | 3 |  3.0
Spellcasting   | |  4.7
Conjurations   | |  1.7
Summonings     | |  1.1
Translocations | |  1.4

Action                   || total
-------------------------++-------
Melee: Dagger            ||     6
 Cast: Magic Dart        ||    52
  Use: Scroll            ||     7
Armor: Robe              ||    11
Dodge: Dodged            ||    14

Table legend:
 A = Spawn XP
 B = Non-spawn XP
 C = Spawn XP percentage of total XP
 D = Spawn monster count
 E = Non-spawn monster count
 F = Spawn count percentage of total count
 G = Total turns spent on level
                    A         B        C        D         E        F      G
               +---------+---------+-------+---------+---------+-------+---------
         Total |       0 |      40 |   0.0 |       0 |      24 |   0.0 |   671
               +---------+---------+-------+---------+---------+-------+---------
           D:1 |       0 |      34 |   0.0 |       0 |      20 |   0.0 |   617
           D:2 |       0 |       6 |   0.0 |       0 |       4 |   0.0 |    54
               +---------+---------+-------+---------+---------+-------+---------
